← All builds
Air / Cortex / Economy first / OBSERVED BUILD

T2 bomber rush

Cortex Air build order · Supreme Isthmus

The player rushes an Advanced Aircraft Plant by about 9 minutes, then leads with T2 bombers (Angler) backed by Nighthawk stealth fighters and Condor support, pushing into the enemy base well before the role normally reaches T2 air.

Usually transports first (70%)

#air #t2 #push · 10 distinct matches · 5 players · 1% of Cortex Air games · team won 70% of 10 · Recently observed

THE CATCH, AND WHAT COMES WITH IT
  • NighthawkT2 air fighters from 9:53 · 3% of role by thenFrom the Advanced Aircraft Plant. Only 3% of Air games have it by then; others who build it get it around 12:31
  • Advanced Aircraft PlantAdvanced Aircraft Plant in 90%2% of all Air games by then
  • AnglerTorpedo bomber in 80%6% of all Air games by then
  • CondorRadar plane in 80%4% of all Air games by then
  • NighthawkNighthawk in 60%2% of all Air games by then

Started with Nighthawk (90%), Highwind (10%).

Where those units first fight, in 10 games with kill data: in the enemy base 50%, on their own side 30%, in the middle 20%.

Those units destroy a typical 3,027 metal of enemy units by 15:00.

Then transitions into Hailstorm (14% of army).

HOW TO PLAY IT

Key timing: Advanced Aircraft Plant by 9:46

  1. Open with mex and wind, then a T1 Aircraft Plant by 1:27.
  2. Reclaim the T1 Aircraft Plant for its metal once T2 is coming.
  3. Add an Advanced Metal Extractor to fund the T2 air switch.
  4. Finish the Advanced Aircraft Plant and start T2 bombers (Angler) with Nighthawk cover.
  5. Add Condor support and more Nighthawk, then push the bombers into the enemy base.

Phase by phase

TYPICAL OF ITS 10 GAMES · AGAINST STANDARD AIR
  1. 1
  2. 2
  3. 3
  4. 4
  5. 5
PLAY THE OPENING

Follow the example game's first 10:53 step by step: what to build now, what comes next, and where it goes. At 1× it keeps pace with your own game.

  1. 1

    Up to the Aircraft Plant

    Economy
    • Metal Extractor3Mex
    • Wind Turbine4Wind
    Order
    1. Aircraft PlantAircraft Plant after 3 mex, 4 winddone ~1:27, middle half 1:15–1:33

    Some games also: energy storage (50%)

    By 1:08 in all: 3 mex · 4 wind

    The example game in this phase · 4 steps
    1. Mex ×3
    2. Wind ×4
    3. Solar
    4. Aircraft PlantAircraft Plantdone 1:41 · typical 1:27
  2. 2

    Aircraft Plant to 5:00

    Economy
    • Metal Extractor1Mex
    • Wind Turbine7Wind
    • Wind Turbine4Wind
    Builders
    • Construction Turret3 Con turret
    • Construction Aircraft1 Con aircraft
    Army
    • Valiant5 Valiant
    • Shuriken3 Shuriken +2 vs standard
    • Finch2 Finch for allies
    • Hercules2 Light transport for allies
    • Finch1 Finch

    Some games also: converter (40%) · energy storage (40%)

    By 5:00 in all: 3 mex · 1 mex · 11 wind · 4 wind · 1 energy storage · 3 con turret

    The example game in this phase · 26 steps
    1. Energy storage
    2. Wind
    3. FinchFinch
    4. HerculesLight transportfor Tech
    5. FinchFinch ×2for Beach sea
    6. HephaestusHeavy transportfor Beach sea
    7. ValiantValiant
    8. Construction AircraftCon aircraft
    9. Mex
    10. ValiantValiant
    11. Wind ×2
    12. Con turret
    13. ValiantValiant
    14. Wind
    15. Con turret
    16. ValiantValiant
    17. Wind
    18. Con turret
    19. Wind
    20. ValiantValiant
    21. Wind ×6
    22. Con turret ×2
    23. Wind
    24. HephaestusHeavy transportfor Pond
    25. Con turret
    26. HerculesLight transport
  3. 3

    5:00 to Advanced Aircraft Plant

    Economy
    • Wind Turbine18Wind
    • Energy Converter9Converter+3 vs standard
    Order
    1. Aircraft PlantEat Aircraft Plant
    2. Advanced Aircraft PlantAdvanced Aircraft Plant after 30 wind, 11 wind, 10 converterdone ~9:46, middle half 9:09–9:53
    Builders
    • Construction Turret2 Con turret

    Some games also: valiant (50%) · wind (30%) · energy storage (30%) · fusion (30%)

    The standard build makes here, this one skips: 3 wind · 4 valiant

    By 8:54 in all: 3 mex · 1 mex · 23 wind · 14 wind · 10 converter (standard 7) · 1 energy storage

    The example game in this phase · 35 steps
    1. Wind ×4
    2. Converter
    3. ValiantValiant
    4. Wind ×2
    5. Converter
    6. ValiantValiant
    7. Wind ×2
    8. Converter
    9. Wind
    10. ValiantValiant
    11. Wind
    12. Converter
    13. Wind ×4
    14. Converter
    15. ShurikenShuriken
    16. Wind
    17. Converter
    18. Wind
    19. ShurikenShuriken
    20. Wind ×2
    21. Converter
    22. Wind ×4
    23. Converter
    24. Wind
    25. Converter
    26. Wind ×2
    27. Converter ×3
    28. Advanced Metal ExtractorT2 mex ×3done 6:49 · typical 6:47
    29. HerculesLight transport ×2
    30. Aircraft PlantEat Aircraft Plantreclaimed for its metal
    31. Fusion ReactorFusiondone 8:55 · typical 8:59
    32. Advanced Metal ExtractorT2 mex
    33. Converter
    34. Con turret
    35. Advanced Aircraft PlantAdvanced Aircraft Plantdone 9:47 · typical 9:46
  4. 4

    Advanced Aircraft Plant to T2 air fighters

    Order
    1. NighthawkT2 air fighters after 24 wind, 14 wind, 10 converter

    Some games also: wind (30%)

    The standard build makes here, this one skips: 3 wind · 2 valiant

    By 9:51 in all: 3 mex · 1 mex · 24 wind · 14 wind · 10 converter · 1 energy storage

    The example game in this phase · 2 steps
    1. Converter ×2
    2. NighthawkNighthawkdone 9:54
  5. 5

    T2 air fighters to 15:00

    Economy
    • Wind Turbine31Wind+14 vs standard
    • Energy Converter2Converter−7 vs standard
    Builders
    • Construction Turret10 Con turret +4 vs standard
    Army
    • Nighthawk28 Nighthawk +28 vs standard
    • Condor2 Radar plane +2 vs standard
    • Hailstorm2 Hailstorm +2 vs standard

    Some games also: con turret (50%) · T2 con aircraft (50%) · wind (40%) · heavy transport (40%)

    The standard build makes here, this one skips: 40 valiant

    By 15:00 in all: 3 mex · 1 mex · 61 wind · 17 wind · 17 converter · 1 energy storage

    The example game in this phase · 70 steps
    1. Converter
    2. NighthawkNighthawk
    3. Converter
    4. NighthawkNighthawk
    5. Con turret
    6. Wind
    7. NighthawkNighthawk
    8. Con turret
    9. Wind
    10. Con turret
    11. Wind
    12. NighthawkNighthawk
    13. Con turret
    14. Wind
    15. NighthawkNighthawk
    16. Wind
    17. NighthawkNighthawk
    18. Wind
    19. NighthawkNighthawk
    20. Wind
    21. NighthawkNighthawk
    22. Wind
    23. NighthawkNighthawk
    24. Wind
    25. NighthawkNighthawk
    26. Wind
    27. NighthawkNighthawk
    28. Wind ×2
    29. NighthawkNighthawk
    30. Wind
    31. NighthawkNighthawk
    32. Wind
    33. NighthawkNighthawk
    34. Wind
    35. Con turret
    36. NighthawkNighthawk
    37. Wind
    38. NighthawkNighthawk
    39. Wind
    40. NighthawkNighthawk
    41. Con turret
    42. Wind
    43. NighthawkNighthawk
    44. Wind ×2
    45. NighthawkNighthawk ×3
    46. AnglerTorpedo bomber ×2for Beach seadone 11:56
    47. NighthawkNighthawk ×7
    48. HailstormHailstorm
    49. Con turret ×3
    50. HailstormHailstorm
    51. Con turret
    52. HailstormHailstorm ×3
    53. Con turret
    54. Wind
    55. HailstormHailstorm
    56. Wind ×3
    57. HailstormHailstorm
    58. Wind
    59. CondorRadar planefor Beach sea
    60. HailstormHailstorm
    61. Wind
    62. HailstormHailstorm
    63. Aircraft PlantAircraft Plantdone 14:46
    64. HailstormHailstorm
    65. NighthawkNighthawk
    66. CondorRadar plane
    67. Wind
    68. CondorRadar plane
    69. Wind
    70. NighthawkNighthawk

Counts are medians over the build's games: half of them build more, half fewer. The example game is TrollHardGoPro's (36 OS, 05/10/2026); pick another.

Team trades

IN AT LEAST 30% OF ITS GAMES

You hand over

  • Finch2 Finch to Beach sea or Geo seafirst at 1:54 · in 100% of games
  • Hephaestus1 Heavy transport to Beach sea or Pondfirst at 2:20 · in 70% of games
  • Hercules2 Light transport to Tech or Geo sea or Geofirst at 2:28 · in 100% of games

You get

  • Tidal Generator1 Tidal from Pond or Beach seafirst at 1:25 · in 30% of games
  • Wind Turbine2–3 Wind from Geo seafirst at 1:28 · in 60% of games
  • Wind Turbine3 Wind from Pond or Techfirst at 1:50 · in 60% of games
  • Construction Bot1 Con bot from Tech or Geofirst at 2:21 · in 90% of games
  • Advanced Metal Extractor1 T2 mex from Tech or Geofirst at 5:44 · in 30% of games
  • Advanced Construction Bot1 T2 con bot from Tech or Geofirst at 6:17 · in 80% of games

How it plays out

Typical game of this build against the role’s standard build, running totals by minute

  • This build
  • Standard air

Metal produced

010k20k30k
0:005:0010:0015:00

metal

Enemy metal destroyed

02k4k
0:005:0010:0015:00

metal

Own metal lost

01k2k3k
0:005:0010:0015:00

metal

10 games.

Show as table
ByMetal produced: This buildMetal produced: Standard airEnemy metal destroyed: This buildEnemy metal destroyed: Standard airOwn metal lost: This buildOwn metal lost: Standard air
1:003903930000
2:009239250000
3:00145914600000
4:0020672059006251
5:00282527718873136115
6:0041893799102125161167
7:0053815161154190190219
8:0076547053180240238290
9:00100049380180260318341
10:001315511939180338357467
11:001567014537219434357627
12:001824117264461579772893
13:00208612007263289112571257
14:0023595228873231143121781796
15:0026131257703930208327582670
WHAT THE NUMBERS SAY

Teams won more often than with the standard build, destroying far more enemy metal by 15:00 despite a slower start.

  • + Destroys much more enemy metal by 15:00 than the standard build.
  • + Units fight in the enemy base in most games, showing a real forward push.
  • − Metal destroyed by 10:00 is lower than standard, so the early game is slower.
  • − Still rare and played by few regulars, so it's unproven across many players.
THE EXAMPLE YOU ARE READING

TrollHardGoPro

36.5 OS · 05/10/2026

Open source match ↗

5 received units · includes a constructor
1108 metal received · 72021 energy received

Allied construction assistance is unknown. Timings are observations, not a promise of solo reproducibility.

Typical milestones

Aircraft Plant1:27Middle 50%: 1:15–1:33 · n=10
Advanced Metal Extractor6:47Middle 50%: 6:27–6:58 · n=8
Fusion Reactor8:59Middle 50%: 8:55–13:02 · n=5
Advanced Aircraft Plant9:46Middle 50%: 9:09–9:53 · n=9

Played most by

krtf4games of this buildFakepilot2games of this buildTrollHardGoPro2games of this builddsys1game of this buildKbot_my_Ahole1game of this build